 Dungeon Crawl Stone Soup version 0.31-a0-348-g810772c3d7 (webtiles) character file.

Game seed: 6420269284176116798

45 Bnni the Insei (level 3, -1/24 HPs)
             Began as an Octopode Shapeshifter on July 23, 2023.
             Slain by a goblin
             ... wielding a +0 club
              (4 damage)
             ... on level 2 of the Dungeon.
             The game lasted 00:01:21 (1441 turns).

Bnni the Insei (Octopode Shapeshifter)              Turns: 1441, Time: 00:01:22

Health: -1/24      AC:  1    Str: 14    XL:     3   Next: 64%
Magic:  3/3        EV: 13    Int: 10    God:
Gold:   145        SH:  0    Dex: 14    Spells: 2/2 levels left

rFire   . .          .
                       - Unarmed
rCold   . . .        (no shield)
rNeg    . . .        (helmet currently unavailable)
rPois   .            (no amulet)
rElec   .            (no ring)
rCorr   .            (no ring)
SInv    .            (no ring)
Will    .....        (no ring)
Stlth   ++           (no ring)
HPRegen 0.24/turn    (no ring)
MPRegen 0.08/turn    (no ring)
                     (no ring)

%: no passive effects
@: beast-form
A: beast (slay +2), almost no armour, amphibious, 8 rings, camouflage 1,
gelatinous body 1, (nimble swimmer 1), tentacles
a: Begin Untransformation


You were on level 2 of the Dungeon.
You were a hulking beast.
You visited 1 branch of the dungeon, and saw 2 of its levels.

You collected 145 gold pieces.

Inventory:

Talismans
 b - a beast talisman
Scrolls
 d - a scroll of amnesia {unknown}
 g - a scroll of teleportation {unknown}
 i - a scroll of butterflies {unknown}
Potions
 a - a potion of lignification
 c - a potion of haste {unknown}
 e - a potion of enlightenment {unknown}
 f - a potion of brilliance {unknown}
 h - 4 potions of curing {unknown}


   Skills:
 + Level 1.7 Fighting
 - Level 2.0 Dodging
 * Level 3.6 Unarmed Combat
 * Level 3.4 Shapeshifting


You had 2 spell levels left.
You didn't know any spells.
Your spell library contained the following spells:

 Spells                   Type           Power      Damage    Failure   Level
 Sting                    Tmut/Pois      0%         1d3       36%         1
 Poisonous Vapours        Pois/Air       0%         N/A       50%         2
 Olgreb's Toxic Radiance  Pois           0%         N/A       98%         4
 Alistair's Intoxication  Tmut/Pois      0%         N/A       100%        5
 Borgnjor's Vile Clutch   Necr/Erth      0%         N/A       100%        5
 Eringya's Noxious Bog    Tmut/Pois      0%         4d6       100%        6


Dungeon Overview and Level Annotations

Branches:
Dungeon (2/15)

Altars:


Innate Abilities, Weirdness & Mutations

You are a hulking beast.
Your limbs bulge with bestial killing power. (Slay +2)
You cannot wear most types of armour.
You are amphibious.
You can wear up to eight rings at the same time.
Your skin changes colour to match your surroundings (Stealth+).
Your rubbery body absorbs attacks. (AC +1, EV +1)
((You are camouflaged when in or above water. (Stealth+)))
You have tentacles for arms and can constrict up to eight enemies at once.


Message History

No target in view!
No target in view!
A kobold comes into view. It is wielding a +0 short sword.
The kobold shouts!
A quokka comes into view.
You tentacle-slap the kobold.
You kill the kobold!
No target in view!
Key pressed, stopping explore.
No target in view!
No target in view! 2 goblins come into view. 4 goblins come into view.
The goblin shouts!
A hobgoblin comes into view.
There are monsters nearby!
The goblin shouts! x3
Found 2 fizzy sapphire potions and 5 stones.
The goblin shouts!
The hobgoblin shouts!
The goblin shouts!
You tentacle-slap the goblin. You grab the goblin.
You tentacle-slap the goblin, but do no damage.
You squeeze the goblin.
You kill the goblin!
The goblin hits you with a +0 club.
You tentacle-slap the goblin.
You kill the goblin!
The goblin barely misses you. The goblin hits you with a +0 club.
You tentacle-slap the hobgoblin. You grab the hobgoblin.
The hobgoblin is moderately wounded.
You constrict the hobgoblin. The goblin hits you with a +0 club. x2
The hobgoblin hits you.
* * * LOW HITPOINT WARNING * * *
You are too injured to fight recklessly!
You release your grip on the hobgoblin.
The goblin closely misses you. The hobgoblin attacks as you move away!
The hobgoblin hits you.
* * * LOW HITPOINT WARNING * * *
The goblin attacks as you move away! The goblin hits you but does no damage.
The goblin attacks as you move away! The goblin hits you with a +0 club.
You die...

########## ###.?......#
###...h..$...#
###...##8g....8#
#...####gg.....# #.###
#8gg)..8# #######.#
#..)....# #.....#.#
#8.....8# .##.......#
#.......# ......)...####
#8.....8#
.#.............#..!.(..#


You could see a hobgoblin and 4 goblins.

Vanquished Creatures
  A worm (D:2)
  A dart slug (D:2)
  2 endoplasms (D:2)
  2 giant cockroaches (D:2)
  5 goblins
  2 hobgoblins
  2 jackals (D:1)
  4 kobolds
  4 quokkas (D:1)
  3 ball pythons
  4 bats (D:1)
  2 frilled lizards
  7 rats
39 creatures vanquished.

Notes
Turn   | Place    | Note
-------+----------+-------------------------------------------
     0 | D:1      | Bnni the Octopode Shapeshifter began the quest for the Orb.
     0 | D:1      | Reached XP level 1. HP: 13/13 MP: 1/1
    35 | D:1      | Found a faded altar of an unknown god.
   371 | D:1      | Reached XP level 2. HP: 18/18 MP: 2/2
  1046 | D:2      | Reached XP level 3. HP: 18/23 MP: 3/3
  1441 | D:2      | Slain by a goblin

Illustrated notes

Levels and vault maps discovered:
D:1:      dpeg_arrival_connections, layout_basic,
          shapermc_ecumenical_altar_mp_highgroup, minmay_strange_pillars,
          roderic_lattice_a, kennysheep_doodads
D:2:      kennysheep_the_goblin_king, layout_rooms

Action                     || total
---------------------------++-------
  Melee: Unarmed           ||    64
         Constrict         ||    15
         Tentacles         ||     7
         Punch             ||     2
    Use: Scroll            ||     1
   Stab: Sleeping          ||    11
 Armour: Skin              ||     5
  Dodge: Dodged            ||    26

Table legend: (Time is in decaauts)
 A = Elapsed time spent in this place.
 B = Non-inter-level travel time spent in this place.
 C = Inter-level travel time spent in this place.
 D = Time resting spent in this place.
 E = Time spent auto-exploring this place.
 F = Levels seen in this place.
 G = Mean time per level.
                   A        B        C        D        E       F      G
               +--------+--------+--------+--------+--------+-----+--------+
         Total |   1436 |   1387 |     49 |      0 |   1138 |   2 |  718.0 |
       Dungeon |   1436 |   1387 |     49 |      0 |   1138 |   2 |  718.0 |
               +--------+--------+--------+--------+--------+-----+--------+

Top non-repeatable levels by time:
     D:1: 1015 daAuts
     D:2: 421 daAuts
